 Dungeon Crawl Stone Soup version 0.29.1-1-gd02db6906a (webtiles) character file.

Game seed: 653400710631213805

88 leafyfresh the Magician (level 4, 0/32 HPs)
             Began as a Gnoll Hedge Wizard on Oct 18, 2022.
             Slain by an ogre
             ... wielding a +0 giant spiked club
              (32 damage)
             ... on level 3 of the Dungeon.
             The game lasted 00:05:25 (3749 turns).

leafyfresh the Magician (Gnoll Hedge Wizard)        Turns: 3749, Time: 00:05:26

Health: 0/32       AC:  4    Str: 15    XL:     4   Next: 54%
Magic:  8/13       EV: 14    Int: 15    God:
Gold:   147        SH:  0    Dex: 18    Spells: 6/17 levels left

rFire   . . .      SeeInvis .   u - +0 dagger (speed)
rCold   . . .      Faith    .   (no shield)
rNeg    . . .      Spirit   .   b - +0 robe
rPois   .          Reflect  .   c - +0 hat
rElec   .          Harm     .   g - scarf {repulsion}
rCorr   .          Rampage  .   (no gloves)
Will    .....                   e - +1 pair of boots
Stlth   +++.......              l - amulet of the acrobat
HPRegen 0.10/turn               f - +6 ring of dexterity
MPRegen 0.13/turn               j - +6 ring of strength

@: repel missiles
A: fangs 1, strong nose, distributed training
a: no special abilities


You were on level 3 of the Dungeon.
You visited 1 branch of the dungeon, and saw 3 of its levels.

You collected 147 gold pieces.

Inventory:

Hand Weapons
 a - a +0 dagger
 k - a +0 whip
 u - a +0 dagger of speed (weapon)
Armour
 b - a +0 robe (worn)
 c - a +0 hat (worn)
 e - a +1 pair of boots (worn)
 g - a scarf of repulsion (worn)
Jewellery
 f - a +6 ring of dexterity (left hand)
 j - a +6 ring of strength (right hand)
 l - an amulet of the acrobat (around neck)
Scrolls
 i - 2 scrolls of immolation {unknown}
 m - a scroll of teleportation {unknown}
 o - a scroll of torment {unknown}
 q - a scroll of enchant armour {unknown}
 v - a scroll of noise {unknown}
 w - a scroll of identify {unknown}
Potions
 d - 2 potions of magic
 h - a potion of resistance {unknown}
 n - a potion of lignification {unknown}
 p - a potion of might {unknown}
 r - 2 potions of heal wounds {unknown}
 s - a potion of cancellation {unknown}
 t - a potion of curing {unknown}


   Skills:
 + Level 1.2 Fighting
 + Level 1.2 Short Blades
 + Level 1.2 Long Blades
 + Level 1.2 Axes
 + Level 1.2 Maces & Flails
 + Level 1.2 Polearms
 + Level 1.2 Staves
 + Level 1.2 Ranged Weapons
 + Level 1.2 Throwing
 + Level 1.2 Armour
 + Level 4.7 Dodging
 + Level 4.3 Stealth
 + Level 1.2 Shields
 + Level 1.2 Unarmed Combat
 + Level 7.2 Spellcasting
 + Level 2.3 Conjurations
 + Level 1.0 Hexes
 + Level 2.3 Summonings
 + Level 1.0 Necromancy
 + Level 2.3 Translocations
 + Level 1.0 Transmutations
 + Level 1.0 Fire Magic
 + Level 1.0 Ice Magic
 + Level 1.0 Air Magic
 + Level 1.0 Earth Magic
 + Level 1.0 Poison Magic
 + Level 1.3 Invocations
 + Level 1.2 Evocations


You had 6 spell levels left.
You knew the following spells:

 Your Spells              Type           Power      Damage    Failure   Level
a - Magic Dart            Conj           48%        1d5       4%          1
b - Mephitic Cloud        Conj/Pois/Air  9%         N/A       22%         3
c - Blink                 Tloc           24%        N/A       8%          2
d - Call Imp              Summ           12%        N/A       8%          2
e - Conjure Flame         Conj/Fire      10%        6-21      21%         3

Your spell library contained the following spells:

 Spells                   Type           Power      Damage    Failure   Level
 Slow                     Hex            32%        N/A       9%          1


Dungeon Overview and Level Annotations

Branches:
Dungeon (3/15)

Altars:


Innate Abilities, Weirdness & Mutations

You have very sharp teeth.
Your uncanny sense of smell can sniff out nearby items.
Your experience applies equally to all skills.


Message History

The ogre is engulfed in noxious fumes.
The ogre appears confused.
The ogre laughs at nothing.
Casting: Mephitic Cloud (quite dangerous; 22% risk of failure)
Confirm with . or Enter, or press ? or * to list all spells.
The spell is quite dangerous to miscast (22% risk of failure)!
Continue anyway?
Aiming: Mephitic Cloud (quite dangerous; 22% risk of failure)
Press: ? - help, Shift-Dir - straight line, f/p - ogre
Aim: an ogre, wielding a +0 giant spiked club (confused, chance to affect: 77%)
The ball explodes into a vile cloud!
The stinking cloud engulfs the ogre but does no damage.
The ogre is engulfed in noxious fumes.
The ogre appears confused.
Unknown command.
The ogre is engulfed in noxious fumes.
The ogre appears confused.
The ogre misses you.
You hit the ogre.
The ogre is lightly wounded.
You barely miss the ogre.
The ogre is lightly wounded.
You hit the ogre but do no damage.
The ogre is lightly wounded.
You completely miss the ogre.
The ogre is lightly wounded.
A gnoll comes into view. It is wielding a +0 spear.
The gnoll shouts!
The ogre misses you.
A frilled lizard comes into view.
You hit the ogre but do no damage.
The ogre is lightly wounded.
You catch the helpless ogre completely off-guard!
You puncture the ogre! You bite the ogre, but do no damage.
The ogre is severely wounded.
A gnoll comes into view. It is wielding a +0 whip.
A gnoll comes into view. It is wielding a +0 club.
You see here a +0 flail.
You hit the ogre.
The ogre is almost dead.
A kobold comes into view.
It is wielding a +1 dagger of holy wrath and quivering poisoned darts.
The ogre hits you with a +0 giant spiked club!!
Ouch! That really hurt!
You die...

#.....####...................
#..................###.......
##.....####.....#...+....####.
#...........>....#...####.#
#.. #####............#...#
#.###.. #.#.###..#........
#...... ...#.###...........
....... ..............##.....
##..... .............@O..#
....... .....................
....... ..........g..##.##
##..... ....l#.#...... .
....... .....#.#.g..##.
......g ............# #
.#..#.# .. .#.#g.### g.. #. ..
K...∆ .. #


You could see an ogre (confused), 3 gnolls, a kobold (wandering) and a frilled
lizard.

Vanquished Creatures
  Robin (D:3)
  2 adders (D:3)
  A worm (D:2)
  2 dart slugs (D:1)
  4 endoplasms
  A giant cockroach (D:1)
  13 goblins
  4 hobgoblins
  A quokka (D:3)
  6 ball pythons
  7 bats
  4 frilled lizards
  3 kobolds
  4 rats
53 creatures vanquished.

Notes
Turn   | Place    | Note
-------+----------+-------------------------------------------
     0 | D:1      | leafyfresh the Gnoll Hedge Wizard began the quest for the
                  | Orb.
     0 | D:1      | Reached XP level 1. HP: 13/13 MP: 8/8
   688 | D:1      | Reached XP level 2. HP: 13/19 MP: 10/10
  1507 | D:1      | Reached XP level 3. HP: 25/25 MP: 11/11
  1546 | D:1      | Learned a level 3 spell: Mephitic Cloud
  1549 | D:1      | Learned a level 2 spell: Blink
  1552 | D:1      | Learned a level 2 spell: Call Imp
  1556 | D:1      | Learned a level 3 spell: Conjure Flame
  1842 | D:1      | Found a faded altar of an unknown god.
  2143 | D:2      | Reached skill level 1 in Invocations
  2974 | D:3      | Noticed Robin
  3003 | D:3      | Reached skill level 1 in Fighting
  3003 | D:3      | Reached skill level 1 in Short Blades
  3003 | D:3      | Reached skill level 1 in Long Blades
  3003 | D:3      | Reached skill level 1 in Axes
  3003 | D:3      | Reached skill level 1 in Maces & Flails
  3003 | D:3      | Reached skill level 1 in Polearms
  3003 | D:3      | Reached skill level 1 in Staves
  3003 | D:3      | Reached skill level 1 in Ranged Weapons
  3003 | D:3      | Reached skill level 1 in Throwing
  3003 | D:3      | Reached skill level 1 in Armour
  3003 | D:3      | Reached skill level 1 in Shields
  3003 | D:3      | Reached skill level 1 in Unarmed Combat
  3003 | D:3      | Reached skill level 1 in Evocations
  3075 | D:3      | Reached XP level 4. HP: 32/32 MP: 4/13
  3236 | D:3      | Killed Robin
  3294 | D:3      | Reached skill level 1 in Hexes
  3294 | D:3      | Reached skill level 1 in Necromancy
  3294 | D:3      | Reached skill level 1 in Transmutations
  3294 | D:3      | Reached skill level 1 in Fire Magic
  3294 | D:3      | Reached skill level 1 in Ice Magic
  3294 | D:3      | Reached skill level 1 in Air Magic
  3294 | D:3      | Reached skill level 1 in Earth Magic
  3294 | D:3      | Reached skill level 1 in Poison Magic
  3733 | D:3      | Noticed an ogre
  3749 | D:3      | Slain by an ogre

Illustrated notes

Levels and vault maps discovered:
D:1:      eino_arrival_cavern_d, layout_loops_corners,
          shapermc_ecumenical_altar_hornbeckon
D:2:      layout_loops_ring, minmay_misc_feat_tiny
D:3:      layout_basic, minivault_25, uniq_robin

Skill      XL: |  1  2  3  4 |
---------------+-------------+-----
Conjurations   | 2 |  2.3
Summonings     | 2 |  2.3
Translocations | 2 |  2.3
Invocations    | 1 |  1.3
Fighting       | 1 |  1.2
Short Blades   | 1 |  1.2
Long Blades    | 1 |  1.2
Axes           | 1 |  1.2
Maces & Flails | 1 |  1.2
Polearms       | 1 |  1.2
Staves         | 1 |  1.2
Ranged Weapons | 1 |  1.2
Throwing       | 1 |  1.2
Armour         | 1 |  1.2
Shields        | 1 |  1.2
Unarmed Combat | 1 |  1.2
Evocations     | 1 |  1.2
Hexes          | 1 |  1.0
Necromancy     | 1 |  1.0
Transmutations | 1 |  1.0
Fire Magic     | 1 |  1.0
Ice Magic      | 1 |  1.0
Air Magic      | 1 |  1.0
Earth Magic    | 1 |  1.0
Poison Magic   | 1 |  1.0
Dodging        | |  4.7
Stealth        | |  4.3
Spellcasting   | |  7.2

Action                   |  1- 3 |  4- 6 || total
-------------------------+-------+-------++-------
Melee: Dagger            |    34 |    14 ||    48
       Bite              |    13 |     5 ||    18
       Punch             |     1 |     2 ||     3
       Whip              |    67 |    22 ||    89
 Cast: Magic Dart        |    50 |     7 ||    57
       Mephitic Cloud    |     1 |     7 ||     8
       Blink             |       |     1 ||     1
 Stab: Sleeping          |     6 |       ||     6
       Confused          |     1 |     7 ||     8
Armor: Robe              |    34 |     7 ||    41
Dodge: Dodged            |    98 |    31 ||   129
       Repelled          |     3 |       ||     3
